 Dungeon Crawl Stone Soup version 0.17-a0-2220-g6fea741 (webtiles) character file.

35 HaroldButt the Insei (level 3, 0/26 HPs)
             Began as a Demonspawn Transmuter on Oct 28, 2015.
             Hit by a goblin thrown by Robin (3 damage)
             ... on level 2 of the Dungeon.
             The game lasted 00:03:21 (991 turns).

HaroldButt the Insei (Demonspawn Transmuter)         Turns: 991, Time: 00:03:21

Health: 0/26       AC:  4    Str: 10    XL:     3   Next: 16%
Magic:  6/6        EV: 12    Int: 14    God:
Gold:   49         SH:  0    Dex: 14    Spells: 2 memorised, 3 levels left

rFire  . . .     SeeInvis .       - Unarmed
rCold  . . .     Clarity  .     b - +0 robe
rNeg   . . .     SustAt   .     (no shield)
rPois  .         Gourm    .     (no helmet)
rElec  .         Spirit   .     (no cloak)
rCorr  .         Warding  .     (no gloves)
rMut   .         Stasis   .     (no boots)
MR     .....                    (no amulet)
Stlth  +.........               (no ring)
                                (no ring)

@: lethally poisoned (0 -> -5), slowed, very slow, not resistant to hostile
enchantments, very unstealthy
A: yellow scales 1
a: no special abilities


You were on level 2 of the Dungeon.
You were not hungry.

You visited 1 branch of the dungeon, and saw 2 of its levels.

You collected 49 gold pieces.

Inventory:

Missiles
 a - 43 arrows
 h - 10 arrows of flame
 j - 44 stones (quivered)
Armour
 b - a +0 robe (worn)
Scrolls
 f - 2 scrolls of amnesia {unknown}
 g - a scroll of identify {unknown}
 i - a scroll of enchant weapon {unknown}
Potions
 e - 2 potions of brilliance {unknown}
 k - 2 potions of degeneration {unknown}
 l - 3 potions of agility {unknown}
 m - a potion of mutation {unknown}
 p - a potion of flight {unknown}
Books
 c - a book of Changes

   Spells                             Type                      Level
   a - Beastly Appendage              Transmutation                1
   b - Sticks to Snakes               Transmutation                2
   c - Spider Form                    Transmutation/Poison         3
   d - Ice Form                       Ice/Transmutation            4
   e - Blade Hands                    Transmutation                5
Comestibles
 d - a bread ration
 n - a royal jelly
 o - 5 chunks of flesh


   Skills:
 - Level 1.0 Fighting
 - Level 1.7 Dodging
 + Level 3.9 Unarmed Combat
 - Level 2.0 Spellcasting
 - Level 1.7 Transmutations


You had 3 spell levels left.
You knew the following spells:

 Your Spells              Type           Power        Failure   Level  Hunger
a - Beastly Appendage     Trmt           #.....       14%         1    ##.....
b - Sticks to Snakes      Trmt           #.........   21%         2    ###....


Dungeon Overview and Level Annotations

Branches:
Dungeon (2/15)

Altars:
Ashenzari
Fedhas
Trog

Annotations:
D:2 Robin


Innate Abilities, Weirdness & Mutations

You are partially covered in yellow scales (AC +2).


Message History

You feel sick. Robin hits you from afar with a spear.
The adder bites you but does no damage. The goblin completely misses you.
The adder closely misses you.
You feel sick. Robin throws the goblin at you!
The goblin hits you but does no damage. The adder bites you.
You are more poisoned.
The adder poisons you!
You hit the goblin.
You kill the goblin!
You feel sick. The adder completely misses you. The goblin closely misses you.
Robin roars a battlecry!
The goblin goes into a battle-frenzy!
* * * LOW HITPOINT WARNING * * *
You feel sick. The adder barely misses you.
Robin zaps a wand.
You resist with significant effort.
* * * LOW HITPOINT WARNING * * *
You feel sick. The adder bites you.
* * * LOW HITPOINT WARNING * * *
Robin throws the goblin at you!
You die...

#.#.# #.#.# #.# #.#.#
...## #.#.# ..... #.#.##
....# #....#######.#.###
#................# ######
##...###.g...###.####....
##....รท..@S[#
#..g....####
######..g..###...##......
##..)g..g).....#####
##...g.....####
###.....### #.....#
#....## #...... ##.####.


You could see Robin, an adder and 4 goblins.

Vanquished Creatures
  An adder (D:2)
  4 hobgoblins
  5 kobolds (D:1)
  A quokka (D:2)
  A ball python (D:1)
  4 bats (D:1)
  A giant gecko (D:2)
  5 goblins
  4 rats (D:1)
26 creatures vanquished.

Notes
Turn   | Place    | Note
--------------------------------------------------------------
     0 | D:1      | HaroldButt the Demonspawn Transmuter began the quest for the Orb.
     0 | D:1      | Reached XP level 1. HP: 15/15 MP: 3/3
    48 | D:1      | Reached skill level 3 in Unarmed Combat
   221 | D:1      | Gained mutation: You are partially covered in yellow scales (AC +2). [demonic ancestry]
   221 | D:1      | Reached XP level 2. HP: 12/21 MP: 5/5
   502 | D:1      | Learned a level 2 spell: Sticks to Snakes
   709 | D:2      | Found a shattered altar of Ashenzari.
   709 | D:2      | Found a bloodstained altar of Trog.
   710 | D:2      | Found a blossoming altar of Fedhas.
   762 | D:2      | Reached XP level 3. HP: 18/26 MP: 6/6
   973 | D:2      | Noticed Robin
   991 | D:2      | Hit by a goblin thrown by Robin

Vault maps used:
D:1:      scummos_arrival_simple_crosswalls
D:2:      nicolae_overflow_quartered_altars, uniq_robin

Action                   || total
-------------------------++-------
Melee: Unarmed           ||    93
